 Dungeon Crawl Stone Soup version 0.27.1-3-gb3d3a73c9e (webtiles) character file.

Game seed: 18340764684060997470

28 raph the Digger (level 3, -1/19 HPs)
             Began as a Deep Elf Earth Elementalist on Oct 26, 2021.
             Slain by a jackal (2 damage)
             ... on level 2 of the Dungeon.
             The game lasted 00:02:23 (2097 turns).

raph the Digger (Deep Elf Earth Elementalist)       Turns: 2097, Time: 00:02:24

Health: -1/19      AC:  2    Str:  5    XL:     3   Next: 0%
Magic:  9/9        EV: 13    Int: 20    God:
Gold:   29         SH:  0    Dex: 15    Spells: 5/8 levels left

rFire    . . .     SeeInvis .   a - +0 dagger
rCold    . . .     Faith    .   (no shield)
rNeg     . . .     Spirit   .   b - +0 robe
rPois    .         Reflect  .   (no helmet)
rElec    .         Harm     .   (no cloak)
rCorr    .         Rampage  .   (no gloves)
Will     .....                  (no boots)
Stlth    ++........             (no amulet)
HPRegen  0.06/turn              (no ring)
MPRegen  0.11/turn              (no ring)

@: flying
A: no striking features
a: no special abilities


You were on level 2 of the Dungeon.
You visited 1 branch of the dungeon, and saw 2 of its levels.

You collected 29 gold pieces.

Inventory:

Hand Weapons
 a - a +0 dagger (weapon)
Missiles
 c - 11 stones
Armour
 b - a +0 robe (worn)
Potions
 e - a potion of attraction {unknown}


   Skills:
 + Level 2.8 Dodging
 + Level 3.0 Stealth
 + Level 3.4 Spellcasting
 - Level 1.1 Transmutations
 * Level 3.8 Earth Magic


You had 5 spell levels left.
You knew the following spells:

 Your Spells              Type           Power      Damage    Failure   Level
a - Sandblast             Erth           36%        2d10      2%          1
b - Passwall              Tmut/Erth      10%        N/A       8%          2

Your spell library contained the following spells:

 Spells                   Type           Power      Damage    Failure   Level
 Stone Arrow              Conj/Erth      22%        3d8       19%         3
 Petrify                  Tmut/Erth      13%        N/A       43%         4


Dungeon Overview and Level Annotations

Branches:
Dungeon (1/15)

Altars:

Annotations:
D:2 Jessica


Message History

HP restored.
Found a ruby potion.
e - a ruby potion
Found a +0 short sword.
You fall into a shaft and drop 1 floor!
The shaft crumbles and collapses.
A ball python, 4 jackals and Jessica come into view.
The ball python hisses angrily.
The jackal barks! x3; You hear an angry hiss.
Jessica shouts!
Found a viscous purple potion.
A frilled lizard comes into view.
Found 23 sling bullets.
Jessica casts a spell at you. Pain shoots through your body!
Ouch! That really hurt!
An adder comes into view.
The jackal bites you.
You aren't carrying any scrolls.
The jackal misses you.
The adder hisses angrily.
You hit the jackal.
The jackal is heavily wounded.
The jackal bites you.
* * * LOW HITPOINT WARNING * * *
The jackal bites you but does no damage.
The jackal bites you.
* * * LOW HITPOINT WARNING * * *
The jackal barely misses you. The jackal closely misses you.
The jackal closely misses you.
Jessica casts a spell.
Jessica blinks!
The jackal closely misses you. The jackal bites you.
* * * LOW HITPOINT WARNING * * *
The jackal barely misses you. The jackal closely misses you.
It was a potion of flight.
You feel very buoyant.
You fly up into the air.
Jessica casts a spell.
Jessica blinks!
The jackal closely misses you. The jackal bites you.
You die...

.............#
.............###
...............#
.......l§....#.
............##
.......S...####
#####......S..#
#....hhh..#
#.....@h..#
#...@.....#
#.....!...#
###########


You could see an adder, Jessica, 4 jackals, a ball python and a frilled lizard.

Vanquished Creatures
  A dart slug (D:1)
  4 endoplasms (D:1)
  3 goblins (D:1)
  3 hobgoblins (D:1)
  2 jackals (D:1)
  A quokka (D:1)
  3 bats (D:1)
  A frilled lizard (D:1)
  4 kobolds (D:1)
  2 rats (D:1)
24 creatures vanquished.

Notes
Turn   | Place    | Note
-------+----------+-------------------------------------------
     0 | D:1      | raph the Deep Elf Earth Elementalist began the quest for
                  | the Orb.
     0 | D:1      | Reached XP level 1. HP: 10/10 MP: 6/6
   426 | D:1      | Reached XP level 2. HP: 13/15 MP: 6/8
  1028 | D:1      | Learned a level 2 spell: Passwall
  1051 | D:1      | Found a faded altar of an unknown god.
  1827 | D:1      | Reached XP level 3. HP: 7/19 MP: 9/9
  2088 | D:1      | You fall into a shaft and drop 1 floor!
  2088 | D:2      | Noticed Jessica
  2097 | D:2      | Slain by a jackal

Illustrated notes

Levels and vault maps discovered:
D:1:      minmay_arrival_wavy_path, layout_rooms, shapermc_ecumenical_altar_venn
D:2:      minmay_alternating_diamond, layout_rooms, uniq_jessica

Skill      XL: |  1  2 |
---------------+-------+-----
Stealth        | 3 |  3.0
Dodging        | |  2.8
Spellcasting   | |  3.4
Transmutations | |  1.1
Earth Magic    | |  3.8

Action                   || total
-------------------------++-------
Melee: Dagger            ||    78
 Cast: Sandblast         ||    20
  Use: Potion            ||     1
 Stab: Sleeping          ||     1
Armor: Robe              ||    16
Dodge: Dodged            ||    66
